 Dungeon Crawl Stone Soup version 0.27-a0-1299-g1ab19c6527 (webtiles) character file.

Game seed: 5265738796407443144

20 bande the Skirmisher (level 2, -2/19 HPs)
             Began as a Gargoyle Fighter on June 16, 2021.
             Slain by an adder (3 damage)
             ... on level 2 of the Dungeon.
             The game lasted 00:01:37 (938 turns).

bande the Skirmisher (Gargoyle Fighter)              Turns: 938, Time: 00:01:37

Health: -2/19      AC:  9    Str: 19    XL:     2   Next: 79%
Magic:  2/2        EV:  7    Int:  8    God:
Gold:   31         SH:  9    Dex:  9    Spells: 1/1 levels left

rFire    . . .     SeeInvis .   a - +0 war axe
rCold    . . .     Faith    .   c - +0 kite shield
rNeg     + . .     Spirit   .   b - +0 scale mail
rPois    ∞         Reflect  .   (no helmet)
rElec    +         Harm     .   (no cloak)
rCorr    .         Rampage  .   (no gloves)
Will     .....                  (no boots)
Stlth    ..........             (no amulet)
HPRegen  0.06/turn              (no ring)
MPRegen  0.08/turn              (no ring)

@: no status effects
A: sickness immunity, AC +2, negative energy resistance 1, electricity
resistance, torment resistance 1, petrification resistance
a: no special abilities


You were on level 2 of the Dungeon.
You visited 1 branch of the dungeon, and saw 2 of its levels.

You collected 31 gold pieces.

Inventory:

Hand Weapons
 a - a +0 war axe (weapon)
Armour
 b - a +0 scale mail (worn)
 c - a +0 kite shield (worn)
Potions
 d - a potion of might
 e - a potion of haste
 g - a potion of attraction


   Skills:
 + Level 3.6 Fighting
 + Level 2.3 Axes
 + Level 3.5 Armour
 + Level 3.3 Shields


You had one spell level left.
You didn't know any spells.
Your spell library was empty.

Dungeon Overview and Level Annotations

Branches:
Dungeon (2/15)

Altars:

Shops:
D:1 [


Innate Abilities, Weirdness & Mutations

You are immune to sickness and miasma.
Your stone body is resilient. (AC +2)
You are immune to poison.
You resist negative energy. (rN+)
You are resistant to electric shocks. (rElec)
You are resistant to unholy torment.
You are immune to petrification.


Message History

The giant cockroach bites you.
The giant cockroach bites you but does no damage.
You block the adder's attack. You block the giant cockroach's attack.
You slash the giant cockroach!
You kill the giant cockroach!
You closely miss the adder.
You hit the giant cockroach but do no damage.
You block the adder's attack. You block the giant cockroach's attack.
The adder bites you but does no damage.
The giant cockroach bites you but does no damage.
The adder bites you but does no damage.
Things that are here:
a giant cockroach corpse; a quokka corpse You block the adder's attack. x2
The giant cockroach bites you but does no damage.
You slash the giant cockroach!
You kill the giant cockroach!
You hit the adder but do no damage. The adder bites you but does no damage.
The adder bites you.
* * * LOW HITPOINT WARNING * * *
You block the adder's attack.
Things that are here:
a giant cockroach corpse; a quokka corpse The adder bites you but does no damage.
You block the adder's attack. The adder bites you.
* * * LOW HITPOINT WARNING * * *
Found an escape hatch in the ceiling.
You slash the adder!
The adder is almost dead.
The adder bites you but does no damage. The adder barely misses you.
You closely miss the adder.
The adder is almost dead.
The adder bites you but does no damage. x2
You closely miss the adder.
The adder is almost dead.
The adder bites you but does no damage. You block the adder's attack.
You barely miss the adder.
The adder is almost dead.
The adder bites you.
You die...

#..........######
.#..........<....#
...........#####..# #
< #..........# .#..
##....>....#########..
##.##..####.........
#.....## #......?#
####...# #......####
##..###.†.S@....#
#...?....†..##...#
##..........# .
..........#####
#..#...#.## #..###...#
#.. ..... .... ......#
.## ........


You could see an adder.

Vanquished Creatures
  2 ball pythons
  2 endoplasms (D:1)
  2 giant cockroaches (D:2)
  A hobgoblin (D:1)
  3 jackals (D:2)
  2 kobolds (D:1)
  A quokka (D:2)
  A bat (D:1)
  A frilled lizard (D:1)
  3 rats (D:1)
18 creatures vanquished.

Notes
Turn   | Place    | Note
-------+----------+-------------------------------------------
     0 | D:1      | bande the Gargoyle Fighter began the quest for the Orb.
     0 | D:1      | Reached XP level 1. HP: 14/14 MP: 1/1
   434 | D:1      | Reached XP level 2. HP: 19/19 MP: 2/2
   666 | D:1      | Found Opeolete's Antique Armour Shop.
   938 | D:2      | Slain by an adder

Illustrated notes

Levels and vault maps discovered:
D:1:      eino_arrival_water_cross, layout_loops_corners, serial_shops,
          nicolae_diamond_shop
D:2:      layout_rooms, ebering_ecumenical_altar_hall, uniq_robin, uniq_sigmund

Skill      XL: |  1 |
---------------+----+-----
Axes           | 2 |  2.3
Fighting       | |  3.6
Armour         | |  3.5
Shields        | |  3.3

Action                   || total
-------------------------++-------
Melee: War axe           ||    47
  Use: Scroll            ||     3
Armor: Scale mail        ||    62
Dodge: Dodged            ||    28
Block: Kite shield       ||    45

Table legend: (Time is in decaauts)
 A = Elapsed time spent in this place.
 B = Non-inter-level travel time spent in this place.
 C = Inter-level travel time spent in this place.
 D = Time resting spent in this place.
 E = Time spent auto-exploring this place.
 F = Levels seen in this place.
 G = Mean time per level.
                   A        B        C        D        E       F      G
               +--------+--------+--------+--------+--------+-----+--------+
         Total |    967 |    941 |     26 |      0 |    818 |   2 |  483.5 |
       Dungeon |    967 |    941 |     26 |      0 |    818 |   2 |  483.5 |
               +--------+--------+--------+--------+--------+-----+--------+

Top non-repeatable levels by time:
     D:1: 898 daAuts
     D:2: 69 daAuts
